 Dungeon Crawl Stone Soup version 0.16.2-12-gd0ad4c3 (webtiles) character file.

60 dvd the Chiller (level 3, 0/24 HPs)
             Began as a Vampire Ice Elementalist on Sept 16, 2015.
             Slain by a giant mite (1 damage)
             ... on level 4 of the Dungeon.
             The game lasted 00:15:18 (1914 turns).

dvd the Chiller (Vampire Ice Elementalist)          Turns: 1914, Time: 00:15:18

Health: 0/24       AC:  3    Str:  7    XL:     3   Next: 82%
Magic:  0/6        EV: 15    Int: 23    God:
Gold:   168        SH:  0    Dex: 14    Spells: 3 memorised, 1 level left

rFire  . . .     SeeInvis +     (no weapon)
rCold  . . .     Clarity  .     a - +0 robe
rNeg   + . .     SustAb   .     (no shield)
rPois  .         Gourm    .     (no helmet)
rElec  .         Spirit   .     e - +0 cloak {MR+}
rCorr  .         Warding  .     (no gloves)
rMut   .         Stasis   .     (no boots)
MR     +....                    (no amulet)
Stlth  +++.......               (no ring)
                                k - +2 ring of evasion

@: brilliant, lethally poisoned (0 -> -6), somewhat resistant to hostile
enchantments, fairly stealthy
A: bottle blood, fangs 3, see invisible, unbreathing
a: Bat Form


You were on level 4 of the Dungeon.
You were not thirsty.

You visited 1 branch of the dungeon, and saw 4 of its levels.

You collected 168 gold pieces.

Inventory:

Hand weapons
 n - a +0 dagger
 r - a +0 dagger
Armour
 a - a +0 robe (worn)
 e - a +0 cloak of magic resistance (worn)
 f - a +0 shield
 g - a +0 shield
 l - a +0 robe
Jewellery
 k - a +2 ring of evasion (left hand)
Scrolls
 d - a scroll of remove curse {unknown}
 j - a scroll of recharging {unknown}
 m - a scroll of teleportation {unknown}
 p - a scroll of immolation {unknown}
 q - a scroll of enchant weapon {unknown}
Potions
 c - 5 potions of blood
 h - 2 potions of restore abilities
 s - a potion of curing {unknown}
Books
 b - a book of Frost

   Spells                             Type                      Level
   a - Freeze                         Ice                          1
   b - Throw Frost                    Conjuration/Ice              2
   c - Ozocubu's Armour               Charms/Ice                   3
   d - Throw Icicle                   Conjuration/Ice              4
   e - Summon Ice Beast               Ice/Summoning                4
   f - Condensation Shield            Ice                          4


   Skills:
 + Level 2.9 Dodging
 + Level 3.2 Stealth
 + Level 0.2 Unarmed Combat
 + Level 2.7 Spellcasting
 + Level 0.6 Conjurations
 + Level 3.6 Ice Magic


You had one spell level left.
You knew the following spells:

 Your Spells              Type           Power        Failure   Level  Hunger
a - Freeze                Ice            ####         1%          1    None
b - Throw Frost           Conj/Ice       ####..       1%          2    ##.....
c - Ozocubu's Armour      Chrm/Ice       ####....     2%          3    ###....


Dungeon Overview and Level Annotations

Branches:
Dungeon (4/15)
 Temple: D:4-7

Altars:


Innate Abilities, Weirdness & Mutations

You can bottle blood from corpses.
You have razor-sharp teeth.
You have supernaturally acute eyesight.
You can survive without breathing.


Message History

You are lethally poisoned!
The giant mite poisons you!
Unknown command.
Drink which item? (? for menu, Esc to quit)
It was a potion of restore abilities.
You feel refreshed.
* * * LOW HITPOINT WARNING * * *
You feel sick.
The kobold shouts!
The giant mite bites you.
* * * LOW HITPOINT WARNING * * *
A giant newt comes into view.
Drink which item? (? for menu, Esc to quit)
It was a potion of brilliance.
You feel clever all of a sudden.
* * * LOW HITPOINT WARNING * * *
You feel sick. The giant mite barely misses you.
Drink which item? (? for menu, Esc to quit)
It was a potion of lignification.
You feel woody for a moment. The goblin hits you but does no damage.
The giant mite bites you.
You die...

# ##l
...%(#######....l.
......$:s@g....K..
........###....$..
....##. ..... ###
#. .... ## ###


You could see an iguana (wandering), a giant mite, a goblin, a kobold and a
giant newt (wandering).

Vanquished Creatures
  4 adders
  A giant gecko (D:3)
  3 goblins
  6 hobgoblins
  4 bats
  A giant newt (D:3)
  4 kobolds
  4 rats
27 creatures vanquished.

Notes
Turn   | Place    | Note
--------------------------------------------------------------
     0 | D:1      | dvd, the Vampire Ice Elementalist, began the quest for the Orb.
     0 | D:1      | Reached XP level 1. HP: 13/13 MP: 3/3
   736 | D:1      | Reached XP level 2. HP: 11/19 MP: 0/4
   758 | D:1      | Learned a level 2 spell: Throw Frost
  1021 | D:2      | Reached XP level 3. HP: 24/24 MP: 4/6
  1479 | D:2      | Learned a level 3 spell: Ozocubu's Armour
  1913 | D:4      | HP: 1/24 [poisoned by a giant mite]
  1914 | D:4      | Slain by a giant mite

Action                   || total
-------------------------++-------
Melee: Unarmed           ||    61
       Dagger            ||     3
 Cast: Freeze            ||    42
       Throw Frost       ||     5
       Ozocubu's Armour  ||     2
 Abil: End Transformatio ||     2
       Bat Form          ||     2
  Use: Potion            ||     3
 Stab: Sleeping          ||     3
  Eat: Corpse            ||     7
